Map: [ESL] Data-C

Players

Rex

  • Race: Zerg Zerg
  • Spawn Location: 3:00

Lemon - Winner!

  • Race: Terran Terran
  • Spawn Location: 9:00

Event: DreamHack SC2 Masters 2022 Atlanta (Online)

VOD

Have the link to the VOD?

Description

Time

  • Played on: Sept. 29, 2022, 9:03 a.m.
  • Length: 10:07

All games in this series

Show
View Real Time Build Order
Export as new Build Order

Rex Zerg 

Build Orders: Hatch First 

Get SALT Encoding   

  12  0:00  Drone  
  13  0:12  Overlord  
  13  0:17  Drone  
  14  0:30  Drone x2  
  16  0:50  Hatchery  
  16  0:53  Drone  
  16  0:55  Drone  
  17  1:06  Drone x2  
  19  1:18  Spawning Pool  
  18  1:21  Extractor  
  18  1:24  Drone  
  18  1:28  Drone  
  19  1:39  Drone  
  20  1:49  Drone  
  21  2:04  Queen  
  21  2:05  Queen  
  21  2:06  Zergling x4  
  27  2:11  Overlord  
  27  2:13  Drone  
  28  2:30  Drone x2  
  28  2:33  Metabolic Boost  
  30  2:38  Hatchery  
  29  2:47  Drone  
  29  2:48  Drone  
  31  2:52  Queen  
  31  2:54  Overlord  
  31  2:56  Drone  
  34  2:59  Drone x2  
  36  3:07  Drone  
  36  3:12  Queen  
  36  3:17  Drone x4  
  42  3:25  Drone  
  42  3:26  Drone  
  44  3:31  Overlord  
  44  3:37  Overlord  
  44  3:42  Spore Crawler  
  44  3:43  Queen  
  44  3:44  Spore Crawler  
  44  3:47  Overlord  
  44  3:49  Queen  
  44  3:53  Queen  
  48  3:57  Drone x2  
  50  4:04  Zergling x8  
  50  4:05  Zergling x2  
  50  4:07  Zergling x2  
  56  4:14  Drone x3  
  59  4:18  Spore Crawler, Drone x2  
  59  4:22  Drone x2  
  59  4:23  Drone  
  63  4:25  Drone  
  63  4:28  Drone x2  
  66  4:33  Lair  
  66  4:36  Drone x2  
  68  4:38  Drone  
  68  4:40  Drone  
  69  4:46  Drone x2  
  69  4:47  Overlord  
  71  4:53  Roach Warren  
  71  4:56  Drone x5  
  71  4:57  Drone  
  71  4:59  Drone  
  73  5:01  Drone  
  73  5:03  Overlord  
  73  5:05  Overlord  
  74  5:07  Drone x2  
  74  5:09  Drone x2  
  77  5:17  Extractor x2  
  77  5:19  Spore Crawler x2  
  73  5:21  Queen  
  73  5:22  Queen  
  73  5:23  Spore Crawler  
  73  5:25  Zergling x4  
  73  5:26  Extractor  
  73  5:27  Zergling x2  
  78  5:29  Drone  
  78  5:35  Spire  
  78  5:41  Roach x2  
  82  5:45  Drone x3  
  82  5:46  Drone x4  
  89  5:50  Extractor  
  89  5:51  Drone x3  
  89  5:53  Drone  
  89  5:54  Drone  
  89  5:55  Drone, Extractor  
  93  5:57  Queen, Drone  
  93  5:58  Drone  
  97  6:04  Drone  
  97  6:07  Overseer  
  97  6:10  Queen  
  98  6:14  Overlord x4  
  98  6:21  Spire  
  97  6:32  Queen  
  92  6:33  Queen  
  95  6:41  Hatchery  
  92  6:48  Queen  
  92  6:49  Overlord  
  90  7:00  Drone x3  
  90  7:01  Drone, Spire  
  89  7:08  Queen  
  87  7:09  Queen  
  87  7:14  Spore Crawler  
  90  7:15  Drone x5  
  90  7:16  Spore Crawler  
  90  7:21  Roach x7  
  104  7:23  Queen  
  104  7:35  Spore Crawler  
  102  7:37  Spore Crawler  
  102  7:44  Spore Crawler, Queen x2  
  94  7:49  Drone x3  
  94  7:50  Spire  
  99  7:58  Spire  
  96  7:59  Queen  
  96  8:09  Drone x2  
  95  8:12  Zergling x2  
  95  8:13  Zergling x4  
  95  8:19  Queen  
  93  8:20  Queen  
  84  8:35  Queen  
  84  8:36  Spore Crawler  
  84  8:37  Extractor  
  84  8:38  Overseer  
  84  8:41  Spire  
  84  8:43  Queen, Spire  
  84  8:55  Queen  
  84  8:56  Queen, Spire  
  84  9:00  Drone x8  
  80  9:31  Queen  
  80  9:37  Spore Crawler x2, Roach x5  
  80  9:38  Spore Crawler x2  
  93  9:39  Spore Crawler  
  93  9:41  Spore Crawler x2  
  93  9:42  Spore Crawler  
Show
View Real Time Build Order
Export as new Build Order

Lemon Terran - Winner!

Build Orders:  

Get SALT Encoding   

  12  0:00  SCV  
  13  0:12  SCV  
  14  0:17  Supply Depot  
  14  0:24  SCV  
  15  0:38  SCV  
  15  0:40  Barracks  
  16  0:43  Refinery  
  16  0:50  SCV  
  17  1:03  SCV  
  18  1:15  SCV  
  19  1:27  Orbital Command, Marine  
  20  1:39  Command Center  
  20  1:50  Factory  
  20  1:53  SCV  
  21  2:03  Refinery  
  21  2:06  SCV  
  22  2:09  Supply Depot  
  22  2:12  Barracks Tech Lab  
  22  2:19  SCV  
  23  2:31  SCV  
  23  2:33  Starport  
  23  2:34  Hellion  
  26  2:41  Marine  
  26  2:44  SCV  
  28  2:51  Orbital Command  
  28  2:56  SCV, Hellion  
  31  3:08  SCV  
  31  3:11  Fusion Core  
  32  3:17  SCV  
  32  3:18  Refinery  
  33  3:20  SCV  
  33  3:22  Refinery  
  34  3:30  SCV  
  34  3:32  SCV  
  36  3:40  Supply Depot  
  36  3:42  SCV  
  36  3:44  SCV  
  38  3:54  SCV  
  39  3:56  SCV  
  39  3:58  Battlecruiser  
  39  4:00  Starport  
  46  4:06  SCV  
  46  4:07  Supply Depot  
  47  4:10  SCV  
  47  4:13  Weapon Refit  
  48  4:18  SCV  
  48  4:24  SCV  
  50  4:29  Supply Depot  
  50  4:30  SCV  
  51  4:36  SCV, Starport Tech Lab  
  52  4:42  SCV  
  53  4:48  SCV  
  53  4:51  Supply Depot  
  54  4:54  SCV  
  54  4:58  Supply Depot  
  53  5:01  Battlecruiser  
  53  5:04  SCV  
  53  5:06  SCV  
  59  5:10  Battlecruiser  
  65  5:16  SCV  
  65  5:18  SCV  
  67  5:21  Factory Reactor  
  67  5:22  Supply Depot  
  67  5:29  SCV  
  67  5:31  Command Center  
  67  5:33  SCV  
  69  5:41  SCV  
  70  5:45  SCV  
  71  5:56  Supply Depot  
  71  6:05  Battlecruiser  
  77  6:14  Battlecruiser  
  83  6:19  SCV x2  
  83  6:23  Command Center  
  85  6:31  Hellion x2  
  89  6:33  SCV  
  89  6:35  SCV  
  91  6:46  SCV  
  92  6:52  Orbital Command  
  92  6:59  Hellion x2  
  92  7:00  Factory  
  96  7:01  Factory  
  96  7:09  Battlecruiser  
  96  7:13  SCV  
  103  7:21  Hellion x2  
  103  7:22  Orbital Command  
  101  7:30  Battlecruiser  
  101  7:31  SCV x2  
  109  7:46  Factory  
  109  7:49  SCV x2  
  111  7:56  Hellion x2, Factory Tech Lab  
  111  7:57  Refinery, Factory Tech Lab  
  115  7:59  Factory  
  115  8:01  Refinery  
  115  8:19  Cyclone x2  
  119  8:20  Orbital Command  
  115  8:38  Hellion  
  115  8:39  Hellion  
  115  8:40  Factory Tech Lab  
  119  8:51  Hellion x2  
  119  8:53  Battlecruiser  
  120  9:02  Supply Depot  
  113  9:04  Cyclone  
  113  9:08  SCV x2  
  113  9:11  SCV  
  113  9:12  SCV  
  120  9:24  Hellion  
  120  9:25  Hellion  
  120  9:28  Supply Depot x2  
  120  9:31  Supply Depot x2  
  123  9:34  Factory Tech Lab  
  123  9:36  Supply Depot  
  123  9:44  SCV  
  124  9:50  SCV x2  
  124  9:51  Armory  
Tags
 
Add a new tag
Caveats
  • Supply blocks, unpowered buildings, or Contaminate may cause inaccurate times.
  • Supply counts are checked every 10 seconds.